 Dungeon Crawl Stone Soup version 0.27-a0-883-g39567a0c06 (webtiles) character file.

Game seed: 18048476507751224446

7 HELP the Skirmisher (level 1, -1/18 HPs)
             Began as a Demonspawn Berserker on Apr 3, 2021.
             Was a Follower of Trog.
             Slain by an adder (2 damage)
             ... on level 2 of the Dungeon.
             The game lasted 00:00:56 (159 turns).

HELP the Skirmisher (Demonspawn Berserker)           Turns: 159, Time: 00:00:56

Health: -1/18      AC:  3    Str: 17    XL:     1   Next: 83%
Magic:  1/1        EV: 12    Int:  8    God:    Trog [*.....]
Gold:   25         SH:  0    Dex: 12    Spells: 0/0 levels left

rFire    . . .     SeeInvis .   a - +0 hand axe
rCold    . . .     Faith    .   (no shield)
rNeg     . . .     Spirit   .   b - +0 animal skin
rPois    .         Reflect  .   (no helmet)
rElec    .         Harm     .   c - +0 cloak
rCorr    .         Rampage  .   (no gloves)
Will     .....                  (no boots)
Stlth    +.........             (no amulet)
HPRegen  0.06/turn              (no ring)
MPRegen  0.07/turn              (no ring)

@: lethally poisoned (-1 -> -3)
A: no striking features
a: Renounce Religion, Berserk


You were on level 2 of the Dungeon.
You worshipped Trog.
Trog was aware of your devotion.
You visited 1 branch of the dungeon, and saw 2 of its levels.

You collected 25 gold pieces.

Inventory:

Hand Weapons
 a - a +0 hand axe (weapon)
Missiles
 g - 11 sling bullets
Armour
 b - a +0 animal skin (worn)
 c - a +0 cloak (worn)
 h - a +0 pair of boots
Scrolls
 d - a scroll of teleportation {unknown}
Potions
 e - 2 potions of invisibility {unknown}
 f - 2 potions of ambrosia {unknown}


   Skills:
 + Level 3.1 Fighting
 * Level 3.0 Axes
 - Level 1.7 Armour
 - Level 1.7 Dodging


You couldn't memorise any spells.
You didn't know any spells.
Your spell library was empty.

Dungeon Overview and Level Annotations

Branches:
Dungeon (1/15)

Altars:


Message History

a +0 dagger; a goblin corpse The frilled lizard hisses angrily.
You miss the frilled lizard. The frilled lizard closely misses you.
You completely miss the frilled lizard.
The frilled lizard bites you but does no damage.
You closely miss the frilled lizard. The frilled lizard misses you.
You hit the frilled lizard.
You kill the frilled lizard!
Trog accepts your kill.
No target in view!
f - 2 cyan potions An adder comes into view.
The adder hisses angrily.
You see here 11 sling bullets.
g - 11 sling bullets You see here a +0 pair of boots.
h - a +0 pair of boots The adder closely misses you.
You slash the adder!
The adder is severely wounded.
The adder bites you.
You hit the adder.
The adder is severely wounded.
The adder bites you.
You are poisoned.
The adder poisons you! The adder misses you.
You closely miss the adder.
The adder is severely wounded.
You feel sick. The adder bites you.
* * * LOW HITPOINT WARNING * * *
You barely miss the adder.
The adder is severely wounded.
* * * LOW HITPOINT WARNING * * *
You feel sick. The adder barely misses you. The adder bites you.
* * * LOW HITPOINT WARNING * * *
You miss the adder.
The adder is severely wounded.
* * * LOW HITPOINT WARNING * * *
You feel sick. The adder completely misses you. The adder bites you.
You die...

###############
.............#
#...........#
#...........#
#...........#
####...........#
#......#.########
.##...........=...####
......S@.>..).........
.###..............######
#..............#.....
###..................
....................
...................†
........########.....
........# #....... ....#
#.##....


You could see an adder.

Vanquished Creatures
  A worm (D:2)
  A goblin (D:2)
  A ball python (D:2)
  A frilled lizard (D:2)
  A rat (D:2)
5 creatures vanquished.

Notes
Turn   | Place    | Note
-------+----------+-------------------------------------------
     0 | D:1      | HELP the Demonspawn Berserker began the quest for the Orb.
     0 | D:1      | Reached XP level 1. HP: 18/18 MP: 1/1
    63 | D:1      | You fall into a shaft and drop 1 floor!
   159 | D:2      | Slain by an adder

Illustrated notes

Levels and vault maps discovered:
D:1:      minmay_arrival_loop, layout_basic, basic_ecumenical_altar,
          hex_intersection, minmay_pentomino_v2
D:2:      layout_basic, basic_altar

Skill      XL: |  1 |
---------------+----+-----
Axes           | 3 |  3.0
Fighting       | |  3.1
Armour         | |  1.7
Dodging        | |  1.7

Action                   || total
-------------------------++-------
Melee: Hand axe          ||    19
Invok: Berserk           ||     1
Armor: Animal skin       ||     2
Dodge: Dodged            ||    11

Table legend: (Time is in decaauts)
 A = Elapsed time spent in this place.
 B = Non-inter-level travel time spent in this place.
 C = Inter-level travel time spent in this place.
 D = Time resting spent in this place.
 E = Time spent auto-exploring this place.
 F = Levels seen in this place.
 G = Mean time per level.
                   A        B        C        D        E       F      G
               +--------+--------+--------+--------+--------+-----+--------+
         Total |    171 |    171 |      0 |     49 |     65 |   2 |   85.5 |
       Dungeon |    171 |    171 |      0 |     49 |     65 |   2 |   85.5 |
               +--------+--------+--------+--------+--------+-----+--------+

Top non-repeatable levels by time:
     D:2: 108 daAuts
     D:1: 63 daAuts
